 Dungeon Crawl Stone Soup version 0.28.0-43-g3370ac3207 (webtiles) character file.

Game seed: 14786891708796815886

85 infinitevox the Ruffian (level 4, 0/30 (33) HPs)
             Began as a Demonspawn Wanderer on Mar 9, 2022.
             Was an Initiate of Makhleb.
             Slain by an iguana (13 damage)
             ... on level 3 of the Dungeon.
             The game lasted 00:06:40 (2048 turns).

infinitevox the Ruffian (Demonspawn Wanderer)       Turns: 2048, Time: 00:06:41

HP:   0/30 (33)     AC:  4    Str: 16    XL:     4   Next: 25%
MP:   4/4           EV: 12    Int: 14    God:    Makhleb [......]
Gold: 30            SH:  0    Dex: 12    Spells: 3/3 levels left

rFire   . . .      SeeInvis .   h - +2 trident (flame)
rCold   . . .      Faith    .   (no shield)
rNeg    . . .      Spirit   .   e - +0 leather armour
rPois   .          Reflect  .   (no helmet)
rElec   .          Harm     .   (no cloak)
rCorr   .          Rampage  .   (no gloves)
Will    .....                   d - +0 pair of boots
Stlth   ++........              (no amulet)
HPRegen 0.10/turn               (no ring)
MPRegen 0.09/turn               (no ring)

@: drained
A: big brain 1
a: Renounce Religion


You were on level 3 of the Dungeon.
You worshipped Makhleb.
Makhleb was noncommittal.
You visited 1 branch of the dungeon, and saw 4 of its levels.

You collected 30 gold pieces.

Inventory:

Hand Weapons
 a - a +0 falchion
 h - a +2 trident of flaming (weapon)
Armour
 d - a +0 pair of boots (worn)
 e - a +0 leather armour (worn)
Magical Staves
 k - a staff of death
Wands
 l - a wand of paralysis (2)
Scrolls
 b - a scroll of summoning
 f - a scroll of fear {unknown}
 g - a scroll of enchant weapon {unknown}
 i - a scroll of identify {unknown}
 j - a scroll of blinking {unknown}


   Skills:
 - Level 2.0 Fighting
 - Level 2.3 Long Blades
 * Level 1.9 Polearms
 + Level 2.1 Dodging
 - Level 1.7 Stealth
 - Level 2.6 Unarmed Combat
 - Level 1.0 Evocations


You had 3 spell levels left.
You didn't know any spells.
Your spell library contained the following spells:

 Spells                   Type           Power      Damage    Failure   Level
 Beastly Appendage        Tmut           0%         N/A       34%         1
 Wereblood                Tmut           0%         N/A       47%         2
 Spider Form              Tmut/Pois      0%         N/A       71%         3


Dungeon Overview and Level Annotations

Branches:
Dungeon (4/15)
 Temple: D:4-7

Altars:
Makhleb


Innate Abilities, Weirdness & Mutations

You have an unusually large brain. (Int +2)


Message History

Found a scale mail.
l - a wand of paralysis (2)
Found a glowing dagger.
There is a stone staircase leading up here.
You climb upwards.
The orc shouts! x3; You hear an angry hiss.
There is a stone staircase leading down here.
The orc throws a boomerang.
The boomerang barely misses you.
Found an escape hatch in the floor.
You barely miss the orc. The orc barely misses you.
You hit the orc. You burn the orc.
The orc is moderately wounded.
An iguana comes into view.
You hit the orc but do no damage. You completely miss the orc.
The orc misses you. The orc barely misses you.
You hit the orc but do no damage. The orc barely misses you.
You barely miss the orc. The orc closely misses you.
You hit the orc. You burn the orc.
The orc is heavily wounded.
The orc hits you with a +0 hand axe.
You hit the orc. You burn the orc.
You kill the orc!
Makhleb accepts your kill.
You closely miss the iguana. The iguana closely misses you.
The iguana bites you but does no damage.
You hit the iguana. You burn the iguana. Your punch misses the iguana.
The iguana is moderately wounded.
The iguana bites you!
You hit the iguana but do no damage.
The iguana is moderately wounded.
The iguana bites you.
You hit the iguana but do no damage.
The iguana is moderately wounded.
The iguana misses you.
You hit the iguana. You burn the iguana.
The iguana is almost dead.
The iguana bites you!
* * * LOW HITPOINT WARNING * * *
It was a potion of curing.
You feel better. The iguana bites you!
You die...

# ..
..####### .#
#...#...## >#
.........##.#
..........#.#
.........o#.#
.......>.l#.#
.........#@.#
........##.##
.##...####.#
..... ...
.###.. ... #.
####. #. . .#


You could see an iguana and an orc.

Vanquished Creatures
  3 gnolls (D:2)
  An adder (D:2)
  2 dart slugs (D:1)
  A worm (D:2)
  2 orcs
  5 bats
  6 endoplasms
  3 giant cockroaches
  4 goblins
  2 hobgoblins
  2 jackals (D:4)
  2 kobolds
  2 ball pythons (D:1)
  A frilled lizard (D:1)
  2 rats (D:1)
38 creatures vanquished.

Notes
Turn   | Place    | Note
-------+----------+-------------------------------------------
     0 | D:1      | infinitevox the Demonspawn Wanderer began the quest for the
                  | Orb.
     0 | D:1      | infinitevox set off with the following items: a +0
                  | falchion, a scroll of summoning, a potion of invisibility,
                  | a +0 pair of boots, a +0 leather armour
     0 | D:1      | Reached XP level 1. HP: 16/16 MP: 1/1
   347 | D:1      | Gained mutation: You have an unusually large brain. (Int
                  | +2) [demonic ancestry]
   347 | D:1      | Reached XP level 2. HP: 17/22 MP: 2/2
  1004 | D:2      | Reached XP level 3. HP: 27/27 MP: 3/3
  1409 | D:2      | Found a burning altar of Makhleb.
  1415 | D:2      | Became a worshipper of Makhleb the Destroyer
  1527 | D:2      | Reached skill level 1 in Polearms
  1549 | D:2      | Reached XP level 4. HP: 27/33 MP: 4/4
  1638 | D:2      | You fall into a shaft and drop 2 floors!
  1669 | D:4      | Noticed a necrophage
  2048 | D:3      | Slain by an iguana

Illustrated notes

Levels and vault maps discovered:
D:1:      enne_arrival_octagon_isle, layout_basic, minivault_5
D:2:      layout_loops_ring, basic_altar, minmay_distorted
D:3:      layout_rooms, nicolae_ecumenical_snake_handling, roderic_st_hans_cross
D:4:      layout_basic, gammafunk_ghost_stat_death, minivault_25,
          palyth_stone_intersect

Skill      XL: |  1  2  3 |
---------------+----------+-----
Long Blades    | 2 |  2.3
Polearms       | 1 |  1.9
Dodging        | 2 |  2.1
Fighting       | |  2.0
Stealth        | |  1.7
Unarmed Combat | |  2.6
Evocations     | |  1.0

Action                   |  1- 3 |  4- 6 || total
-------------------------+-------+-------++-------
Melee: Falchion          |    73 |       ||    73
       Trident           |    34 |    31 ||    65
  Use: Potion            |     1 |     2 ||     3
 Stab: Sleeping          |     1 |     3 ||     4
       Invisible         |     1 |       ||     1
Armor: Leather armour    |    36 |     2 ||    38
Dodge: Dodged            |    71 |    17 ||    88
